 Dungeon Crawl Stone Soup version 0.30-a0-937-ga0a21ad780 (webtiles) character file.

Game seed: 16050202356894362371

77 FexLirch the Digger (level 4, 0/33 HPs)
             Began as a Meteoran Earth Elementalist on Mar 24, 2023.
             Slain by a sleepcap (7 damage)
             ... on level 5 of the Dungeon.
             The game lasted 00:03:32 (410 turns).

FexLirch the Digger (Meteoran Earth Elementalist)    Turns: 410, Time: 00:03:33

Health: 0/33       AC:  2    Str:  9    XL:     4   Next: 89%
Magic:  0/10       EV: 12    Int: 18    God:
Gold:   34         SH:  0    Dex: 15    Spells: 4/10 levels left

rFire   . . .      SeeInvis .    g - +2 dagger (venom)
rCold   . . .      Faith    .    (no shield)
rNeg    . . .      Spirit   .    a - +0 robe
rPois   .          Reflect  .    (no helmet)
rElec   .          Rampage  .    (no cloak)
rCorr   .                        (no gloves)
Will    .....                    (no boots)
Stlth   +                        (no amulet)
HPRegen 0.25/turn                (no ring)
MPRegen 0.12/turn                (no ring)

@: glowing
A: sense surroundings 1, otherworldly, glowing, explore regen
a: no special abilities


You were on level 5 of the Dungeon.
You visited 1 branch of the dungeon, and saw 6 of its levels.

You collected 34 gold pieces.

Inventory:

Hand Weapons
 c - a +0 dagger
 g - a +2 dagger of venom (weapon)
 k - a +2 hand axe of freezing
Missiles
 d - 2 stones
Armour
 a - a +0 robe (worn)
Scrolls
 i - a scroll of brand weapon {unknown}
 j - a scroll of vulnerability {unknown}
 l - a scroll of identify {unknown}
 m - a scroll of fog {unknown}
Potions
 b - a potion of magic
 e - a potion of curing {unknown}
 h - a potion of flight {unknown}


   Skills:
 - Level 2.4 Dodging
 - Level 1.4 Stealth
 + Level 3.8 Spellcasting
 + Level 2.4 Conjurations
 - Level 1.2 Transmutations
 + Level 4.5 Earth Magic


You had 4 spell levels left.
You knew the following spells:

 Your Spells              Type           Power      Damage    Failure   Level
a - Sandblast             Erth           38%        2d10      2%          1
b - Passwall              Tmut/Erth      10%        N/A       7%          2
c - Stone Arrow           Conj/Erth      32%        3d9       11%         3

Your spell library contained the following spells:

 Spells                   Type           Power      Damage    Failure   Level
 Summon Small Mammal      Summ           12%        N/A       16%         1
 Call Canine Familiar     Summ           3%         N/A       41%         3
 Summon Guardian Golem    Hex/Summ       3%         N/A       41%         3
 Petrify                  Tmut/Erth      13%        N/A       41%         4


Dungeon Overview and Level Annotations

Branches:
Dungeon (6/15) Zot: 3173
 Temple: D:4-7

Altars:

Shops:
D:6 [


Innate Abilities, Weirdness & Mutations

You passively map a small area around you.
You are easily found by Zot.
You glow in the dark.
You regain HP and MP as you explore.


Message History

The stone arrow hits the sleepcap!
The sleepcap is severely damaged.
The sleepcap releases spores at you.
You are engulfed in a cloud of soporific spores!
You fall asleep.
The sleepcap releases spores at you!
You wake up.
Casting: Stone Arrow (quite dangerous; 11% risk of failure)
Confirm with . or Enter, or press ? or * to list all spells.
Aiming: Sandblast (safe; 2% risk of failure)
Press: ? - help, Shift-Dir - straight line, f/p - sleepcap
Aim: a sleepcap (severely damaged, 100% to hit)
The blast of sand hits the sleepcap but does no damage.
The sleepcap is severely damaged.
The sleepcap barely misses you.
You hit the sleepcap.
The sleepcap is severely damaged.
The sleepcap closely misses you.
You hit the sleepcap but do no damage.
The sleepcap is severely damaged.
The sleepcap misses you.
You hit the sleepcap.
The sleepcap is almost destroyed.
The sleepcap releases spores at you!
* * * LOW HITPOINT WARNING * * *
You are engulfed in a cloud of soporific spores!
You fall asleep.
Your magical contamination has completely faded away.
The sleepcap releases spores at you.
You wake up.
* * * LOW HITPOINT WARNING * * *
Unknown command.
Unknown command.
Casting: Sandblast (safe; 2% risk of failure)
Confirm with . or Enter, or press ? or * to list all spells.
Aiming: Sandblast (safe; 2% risk of failure)
Press: ? - help, Shift-Dir - straight line, f/p - sleepcap
Aim: a sleepcap (almost destroyed, 100% to hit)
The blast of sand hits the sleepcap but does no damage.
The sleepcap is almost destroyed.
The sleepcap releases spores at you!
You die...

..### * , ,
....######### #...#,**
* #.#.........# #...#
..#.........####...#
.....).............# *
###########.......##,
, #................#
#.#######....f...##.#.
###.## #.....@.......
.....# #...........#.
, .....#
#...........#* , *
.....# *######.#.##.#
, ###..... #.#.# # ,,
# #......, ....# * *
#.......,, *....#*
#....... ....#*
.#.#### , ,


You could see a sleepcap.

Vanquished Creatures
  An iguana (D:5)
  2 adders
  A shadow imp (D:5)
  An ufetubus (D:5)
  An orc (D:5)
  A ball python (D:2)
  An endoplasm (D:1)
  2 goblins (D:1)
  3 hobgoblins
  3 jackals (D:2)
  A frilled lizard (D:2)
  A kobold (D:1)
  A rat (D:1)
19 creatures vanquished.

Notes
Turn   | Place    | Note
-------+----------+-------------------------------------------
     0 | D:1      | FexLirch the Meteoran Earth Elementalist began the quest
                  | for the Orb.
     0 | D:1      | Reached XP level 1. HP: 14/14 MP: 5/5
    90 | D:1      | Reached XP level 2. HP: 20/20 MP: 3/6
    93 | D:1      | Learned a level 2 spell: Passwall
   100 | D:2      | Reached skill level 1 in Conjurations
   172 | D:2      | Reached skill level 4 in Earth Magic
   172 | D:2      | Reached XP level 3. HP: 26/26 MP: 6/8
   243 | D:5      | Entered Level 5 of the Dungeon
   258 | D:6      | Found Vawutzuofu's Armour Emporium.
   289 | D:5      | Reached XP level 4. HP: 20/33 MP: 3/10
   307 | D:5      | Learned a level 3 spell: Stone Arrow
   410 | D:5      | Slain by a sleepcap

Illustrated notes

Levels and vault maps discovered:
D:1:      wander_arrival_abandoned_jail, layout_basic
D:2:      layout_basic, uniq_terence, uniq_jessica
D:3:      wander_river, layout_basic, grunt_temple_overflow_forces_of_nature,
          uniq_pargi
D:4:      layout_loops_cross, lemuel_coloured_pillars_altar, minmay_door_square
D:5:      layout_basic, nicolae_dithmenos_shadow_blocks, portal_sewer_entry_e
D:6:      layout_cave_pools, serial_bayou_pond_d, kennysheep_donut,
          nicolae_stop_n_shop_1, nrook_mini_backslash, minivault_26,
          minmay_liquid_box, serial_bayou_pond_b, amcnicky_mini_pool_small,
          nicolae_shop_fire_sale [nicolae_sub_dead_trees]

Skill      XL: |  1  2  3 |
---------------+----------+-----
Spellcasting   | 3 |  3.8
Conjurations   | 1 2 |  2.4
Earth Magic    | 4 |  4.5
Dodging        | |  2.4
Stealth        | |  1.4
Transmutations | |  1.2

Action                     |  1- 3 |  4- 6 || total
---------------------------+-------+-------++-------
  Melee: Dagger            |       |     5 ||     5
   Cast: Sandblast         |    24 |     9 ||    33
         Passwall          |     1 |       ||     1
         Stone Arrow       |       |     3 ||     3
    Use: Potion            |       |     2 ||     2
 Armour: Robe              |     1 |       ||     1
  Dodge: Dodged            |     6 |    13 ||    19

Table legend: (Time is in decaauts)
 A = Elapsed time spent in this place.
 B = Non-inter-level travel time spent in this place.
 C = Inter-level travel time spent in this place.
 D = Time resting spent in this place.
 E = Time spent auto-exploring this place.
 F = Levels seen in this place.
 G = Mean time per level.
                   A        B        C        D        E       F      G
               +--------+--------+--------+--------+--------+-----+--------+
         Total |    425 |    411 |     14 |      0 |      0 |   6 |   70.8 |
       Dungeon |    425 |    411 |     14 |      0 |      0 |   6 |   70.8 |
               +--------+--------+--------+--------+--------+-----+--------+

Top non-repeatable levels by time:
     D:1: 131 daAuts
     D:5: 131 daAuts
     D:2: 67 daAuts
     D:4: 39 daAuts
     D:3: 31 daAuts
     D:6: 23 daAuts
